 Dungeon Crawl Stone Soup version 0.30.0-29-ga12c61a403 (webtiles) character file.

Game seed: 11012745879451723654

200 monsoonserge the Conjurer (level 5, 0/40 HPs)
             Began as a Draconian Conjurer on June 4, 2023.
             Slain by Edmund
             ... wielding a +1 dire flail of protection
              (6 damage)
             ... on level 4 of the Dungeon.
             The game lasted 00:11:33 (3479 turns).

monsoonserge the Conjurer (Draconian Conjurer)      Turns: 3479, Time: 00:11:33

Health: 0/40       AC:  8    Str: 10    XL:     5   Next: 48%
Magic:  2/8        EV: 12    Int: 20    God:
Gold:   175        SH:  0    Dex:  9    Spells: 2/9 levels left

rFire   . . .        B - +4 quarterstaff (chaos)
rCold   . . .        (shield currently unavailable)
rNeg    . . .        (body armour unavailable)
rPois   .            (helmet restricted)
rElec   .            C - +0 cloak
rCorr   .            (no gloves)
SInv    .            g - +1 pair of boots
Will    .....        (no amulet)
Stlth   ++           (no ring)
HPRegen 0.26/turn    (no ring)
MPRegen 0.11/turn

%: no passive effects
@: no status effects
A: AC +5, unfitting armour, cold-blooded
a: no special abilities


You were on level 4 of the Dungeon.
You visited 1 branch of the dungeon, and saw 4 of its levels.

You collected 175 gold pieces.

Inventory:

Hand Weapons
 B - a +4 quarterstaff of chaos (weapon)
Missiles
 f - 6 boomerangs
 w - 14 stones
 A - 10 poisoned darts (quivered)
Armour
 g - a +1 pair of boots (worn)
 C - a +0 cloak (worn)
Wands
 r - a wand of polymorph (8)
 x - a wand of paralysis (2)
Scrolls
 b - 6 scrolls of identify {unknown}
 c - a scroll of noise {unknown}
 d - a scroll of silence {unknown}
 h - a scroll of enchant weapon {unknown}
 i - a scroll of vulnerability {unknown}
 n - a scroll of blinking {unknown}
 y - a scroll of poison {unknown}
Potions
 a - a potion of magic
 e - a potion of flight {unknown}
 k - 3 potions of mutation {unknown}
 m - 2 potions of degeneration {unknown}
 o - 2 potions of lignification {unknown}
 p - 2 potions of resistance {unknown}
 q - 4 potions of curing {unknown}
 t - a potion of brilliance {unknown}
 u - 2 potions of heal wounds {unknown}
 v - a potion of attraction {unknown}


   Skills:
 + Level 1.6 Fighting
 + Level 2.3 Staves
 + Level 2.6 Dodging
 - Level 2.0 Stealth
 + Level 0.1 Unarmed Combat
 + Level 2.6 Spellcasting
 + Level 5.0 Conjurations
 * Level 0.1 Hexes


You had 2 spell levels left.
You knew the following spells:

 Your Spells              Type           Power      Damage    Failure   Level
a - Magic Dart            Conj           88%        1d7       1%          1
b - Searing Ray           Conj           44%        2d6       2%          2
c - Fulminant Prism       Conj/Hex       6%         3d6       45%         4

Your spell library contained the following spells:

 Spells                   Type           Power      Damage    Failure   Level
 Slow                     Hex            12%        N/A       14%         1
 Dazzling Flash           Conj/Hex       26%        N/A       16%         3
 Confusing Touch          Hex            3%         N/A       38%         3
 Vampiric Draining        Necr           2%         2d6       41%         3
 Iskenderun's Mystic Bla  Conj/Tloc      12%        2d5       45%         4
 Olgreb's Toxic Radiance  Pois           2%         N/A       83%         4
 Discord                  Hex            1%         N/A       100%        8
 Ignition                 Fire           1%         3d3       100%        8


Dungeon Overview and Level Annotations

Branches:
Dungeon (4/15)
 Temple: D:4-7

Altars:

Annotations:
D:4 Edmund


Innate Abilities, Weirdness & Mutations

Your plain brown scales are hard. (AC +5)
You cannot fit into any form of body armour.
You are cold-blooded and may be slowed by cold attacks.


Message History

You hit Edmund. You burn Edmund.
Edmund is lightly wounded.
Edmund hits you with a +1 dire flail of protection.
You hit Edmund. You freeze Edmund. You tail-slap Edmund, but do no damage.
Edmund is moderately wounded.
Edmund hits you with a +1 dire flail of protection.
Edmund zaps a wand.
The puff of flame hits you.
You hit Edmund but do no damage.
Edmund seems to speed up.
Edmund is moderately wounded.
Edmund zaps a wand.
The puff of flame misses you.
You barely miss Edmund.
Edmund is moderately wounded.
Edmund zaps a wand.
The puff of flame misses you. Edmund barely misses you.
You barely miss Edmund. You tail-slap Edmund, but do no damage.
Edmund is lightly wounded.
Edmund hits you with a +1 dire flail of protection!
Edmund barely misses you.
You hit Edmund. You drain Edmund.
Edmund is moderately wounded.
Edmund barely misses you.
Edmund hits you with a +1 dire flail of protection!
* * * LOW HITPOINT WARNING * * *
Unknown command.
You hit Edmund.
Edmund is moderately wounded.
Edmund hits you with a +1 dire flail of protection.
* * * LOW HITPOINT WARNING * * *
Edmund hits you with a +1 dire flail of protection.
* * * LOW HITPOINT WARNING * * *
Unknown command.
Casting: Searing Ray (safe; 2% risk of failure)
Confirm with . or Enter, or press ? or * to list all spells.
Aiming: Searing Ray (safe; 2% risk of failure)
Press: ? - help, Shift-Dir - straight line, f/p - Edmund
Aim: Edmund, wielding a +1 dire flail of protection, wearing a +0 chain mail and carrying a wand of flame (16) (moderately wounded, fast, lightly drained, 84% to hit)
The searing ray hits Edmund but does no damage.
Edmund is moderately wounded. (Press . to maintain the ray.) Edmund hits you with a +1 dire flail of protection.
You die...

#... ###† ##### #
## #...##.### ###.
#<........ ##...
#...##.## #†[.#
##.## ##### #...#
######## ##. #...#
##)@@...# #.†
#...######...###.##
#O.......
##.#.).............
.....O...
#....####...###...
...#.###.
#.........### # ##
#. #. #....###### #
#> #.#.## .. #.#.#
. #>#.#


You could see Edmund (fast, drained).

Vanquished Creatures
  A hound (D:4)
  Crazy Yiuf (D:3)
  Ijyb (D:3)
  Robin (D:2)
  3 adders
  2 worms (D:2)
  5 dart slugs
  A bat (D:1)
  5 endoplasms
  12 goblins
  7 hobgoblins
  3 jackals
  5 kobolds
  5 quokkas
  5 ball pythons
  A frilled lizard (D:3)
  2 rats
60 creatures vanquished.

Notes
Turn   | Place    | Note
-------+----------+-------------------------------------------
     0 | D:1      | monsoonserge the Draconian Conjurer began the quest for the
                  | Orb.
     0 | D:1      | Reached XP level 1. HP: 14/14 MP: 3/3
   272 | D:1      | Reached XP level 2. HP: 20/20 MP: 0/5
   275 | D:1      | Learned a level 2 spell: Searing Ray
   887 | D:2      | Reached XP level 3. HP: 13/26 MP: 2/6
  1144 | D:2      | Noticed Robin
  1250 | D:2      | Reached skill level 1 in Staves
  1682 | D:2      | Killed Robin
  1683 | D:2      | Reached skill level 1 in Fighting
  1683 | D:2      | Reached XP level 4. HP: 35/35 MP: 2/7
  2206 | D:3      | Reached skill level 5 in Conjurations
  2303 | D:3      | Noticed Ijyb
  2304 | D:3      | Paralysed by Ijyb for 2 turns
  2317 | D:3      | Paralysed by Ijyb for 5 turns
  2328 | D:3      | Paralysed by Ijyb for 3 turns
  2334 | D:3      | Paralysed by Ijyb for 3 turns
  2352 | D:3      | Killed Ijyb
  2436 | D:3      | Found a runed translucent door.
  2437 | D:3      | Noticed Crazy Yiuf
  3061 | D:3      | Killed Crazy Yiuf
  3062 | D:3      | Reached XP level 5. HP: 40/40 MP: 3/8
  3291 | D:4      | Noticed an ogre
  3314 | D:3      | Learned a level 4 spell: Fulminant Prism
  3466 | D:4      | Noticed Edmund
  3479 | D:4      | Slain by Edmund

Illustrated notes

Levels and vault maps discovered:
D:1:      dpeg_arrival_windows_large_door, layout_rooms
D:2:      layout_basic, serial_bayou_ford_a, uniq_robin
D:3:      layout_basic, uniq_ijyb, uniq_crazy_yiuf_cottage
D:4:      kennysheep_big_flooded_room, layout_loops_ring,
          gammafunk_temple_overflow_claw, uniq_edmund, uniq_menkaure

Skill      XL: |  1  2  3  4 |
---------------+-------------+-----
Stealth        | 2 |  2.0
Staves         | 1 2 |  2.3
Fighting       | 1 |  1.6
Conjurations   | 5 |  5.0
Dodging        | 2 |  2.6
Unarmed Combat | |  0.1
Spellcasting   | |  2.6
Hexes          | |  0.1

Action                     |  1- 3 |  4- 6 || total
---------------------------+-------+-------++-------
  Melee: Dagger            |    19 |       ||    19
         Unarmed           |     1 |       ||     1
         Quarterstaff      |    28 |    52 ||    80
         Tailslap          |     4 |     7 ||    11
         Short sword       |     1 |       ||     1
   Cast: Magic Dart        |    37 |     1 ||    38
         Searing Ray       |     8 |    18 ||    26
   Stab: Sleeping          |     1 |     1 ||     2
 Armour: Skin              |    42 |    21 ||    63
  Dodge: Dodged            |    71 |    50 ||   121
